 Dungeon Crawl Stone Soup version 0.14.0-12-g87ee3b7 (webtiles) character file.

244 Heini the Cudgeler (level 4, -1/61 HPs)
             Began as a Minotaur Berserker on Apr 17, 2014.
             Was a Believer of Trog.
             Slain by a white imp (3 damage)
             ... summoned by Eustachio
             ... on Level 5 of the Dungeon.
             The game lasted 00:06:05 (1661 turns).

Heini the Cudgeler (Minotaur Berserker)             Turns: 1661, Time: 00:06:05

HP  -1/61        AC  5     Str 27      XL: 4   Next: 94%
MP   2/2         EV 10     Int  4      God: Trog [**....]
Gold 111         SH  0     Dex  8 (10) Spells:  0 memorised,  3 levels left

rFire  . . .     SeeInvis .     a - +0 mace
rCold  . . .     Clarity  .     f - +0 ring mail
rNeg   . . .     Conserve +     (no shield)
rPois  .         rCorr    .     (helmet restricted)
rElec  .         rRot     .     (no cloak)
SustAb . .       Spirit   .     (no gloves)
rMut   .         Warding  .     (no boots)
Saprov . . .     Stasis   .     j - amulet of conservation
MR     .....                    (no ring)
                                (no ring)

@: berserking, very quick, not resistant to hostile enchantments, extremely
unstealthy
A: retaliatory headbutt, horns 2
a: Burn Spellbooks, Berserk, Trog's Hand, Renounce Religion


You were on level 5 of the Dungeon.
You worshipped Trog.
Trog was pleased with you.
You were hungry.

You visited 1 branch of the dungeon, and saw 4 of its levels.

You collected 111 gold pieces.

Inventory:

Hand weapons
 a - a +0,+0 mace (weapon)
Armour
 f - a +0 ring mail (worn)
Magical devices
 i - a wand of heal wounds (1)
 m - a wand of slowing (17) {unknown}
Comestibles
 c - 2 bread rations
 h - an apple
 p - an apricot
 q - a choko
Scrolls
 d - a scroll of enchant weapon II {unknown}
 e - a scroll of immolation
 g - a scroll of magic mapping {unknown}
 k - a scroll of remove curse {unknown}
 n - a scroll of identify
 o - a scroll of amnesia {unknown}
Jewellery
 j - an amulet of conservation (around neck)
Potions
 b - 2 potions of heal wounds
 l - 2 potions of haste {unknown}
 r - a potion of poison {unknown}
 s - a potion of curing {unknown}
 t - 2 potions of confusion {unknown}


   Skills:
 * Level 4.5 Fighting
 * Level 5.1 Maces & Flails
 * Level 3.4 Armour
 + Level 3.0 Dodging


You had 3 spell levels left.
You didn't know any spells.

Dungeon Overview and Level Annotations

Branches:
Dungeon (5/15)
 Temple: D:4-7

Altars:
Okawaru
Xom

Annotations:
D:5 Eustachio


Innate Abilities, Weirdness & Mutations

You reflexively headbutt those who attack you in melee.
You have a pair of horns on your head.


Message History

Eustachio is almost dead.
The quasit bites you.
* * * LOW HITPOINT WARNING * * *
The quasit claws you but does no damage.
The quasit closely misses you. Eustachio barely misses you.
The white imp hits you.
* * * LOW HITPOINT WARNING * * *
The white imp freezes you.
* * * LOW HITPOINT WARNING * * *
You are too berserk!
You hit Eustachio.
Eustachio is almost dead.
The quasit bites you.
* * * LOW HITPOINT WARNING * * *
The quasit closely misses you.
The quasit claws you but does no damage.
The white imp hits you.
* * * LOW HITPOINT WARNING * * *
The white imp freezes you.
You die...

##..# #.....# ##.#
#.....# #5#
#....(# #.#
####### #.# #.#
#.# ######## #g#
#.....5#####.# #.#
#.###5@@)....#
#.###.#...5#######
#........#r#
#####.#....#
#......# ########


You could see Eustachio, a quasit, 2 white imps and a quokka.

Vanquished Creatures
  An orc priest (D:5)
  Terence (D:2)
  3 adders
  A giant mite (D:2)
  A worm (D:2)
  A giant gecko (D:1)
  An ooze (D:2)
  3 giant cockroaches
  6 hobgoblins
  3 kobolds
  A quokka (D:2)
  7 ball pythons (D:2)
  7 bats
  5 giant newts
  7 goblins
  11 rats
59 creatures vanquished.

Notes
Turn   | Place    | Note
--------------------------------------------------------------
     0 | D:1      | Heini, the Minotaur Berserker, began the quest for the Orb.
     0 | D:1      | Reached XP level 1. HP: 19/19 MP: 1/1
   264 | D:1      | Reached skill level 4 in Maces & Flails
   264 | D:1      | Reached XP level 2. HP: 25/27 MP: 1/1
   471 | D:1      | Acquired Trog's second power
   906 | D:2      | Reached XP level 3. HP: 26/33 MP: 2/2
  1241 | D:2      | Noticed Terence
  1243 | D:2      | Reached XP level 4. HP: 41/41 MP: 2/2
  1254 | D:2      | Killed Terence
  1254 | D:2      | Reached skill level 5 in Maces & Flails
  1372 | D:3      | Found an iron altar of Okawaru.
  1565 | D:3      | Found a shimmering altar of Xom.
  1604 | D:3      | You fall through a shaft for 2 floors!
  1604 | D:5      | Entered Level 5 of the Dungeon
  1604 | D:5      | Noticed Eustachio
  1661 | D:5      | HP: 2/61 [white imp[Eustachio] (4)]
  1661 | D:5      | Slain by a white imp

Action                   |  1- 3 |  4- 6 || total
-------------------------+-------+-------++-------
Melee: Mace              |    74 |    52 ||   126
Invok: Berserk           |       |     1 ||     1
  Use: Scroll            |       |     3 ||     3
